[Event "Early-Titled-Tuesday-Blitz-October-10-2023"]
[Site "Chess.com"]
[Date "2023.10.10"]
[Round "3"]
[White "jeetjain"]
[Black "THE_PLAYER6"]
[Result "0-1"]
[WhiteElo "2574"]
[BlackElo "2447"]
[TimeControl "180+1"]
[EndTime "8:26:49 PDT"]
[Termination "THE_PLAYER6 won by resignation"]

1. c4 Nf6 2. Nc3 e6 3. g3 d5 4. cxd5 exd5 5. d4 c6 6. Bg2 Be7 7. Nf3 O-O 8. O-O h6 9. Qc2 Re8 10. Rb1 Nbd7 11. b4 a6 12. a4 Nf8 13. Rd1 Bd7 14.
Ne5 Be6 15. f3 N8d7 16. Nd3 Qb6 17. Be3 Bf5 18. a5 Qd8 19. Bf2 Bd6 20. Re1 Bh7 21.
e4 dxe4 22. fxe4 Ng4 23. Nc5 Qc7 24. Rf1 Bxc5 25. bxc5 Ndf6 26. Rbe1 Rad8 27. h3 Nxf2 28. Qxf2 Qxa5 29. Re3 Rxd4 30. e5 Bd3 31. exf6 Rxe3 32. Qxe3 Qxc3 33. Qe8+ Kh7 34. fxg7 Kxg7 35. Qxf7+ Kh8 36.
Qf8+ Kh7 37. Rf7+ Kg6 38. Qg7+ Kh5 39. Qg4+ Rxg4 0-1

[Event "Early-Titled-Tuesday-Blitz-October-10-2023"]
[Site "Chess.com"]
[Date "2023.10.10"]
[Round "3"]
[White "GMKrikor"]
[Black "combidharma"]
[Result "0-1"]
[WhiteElo "2852"]
[BlackElo "2662"]
[TimeControl "180+1"]
[EndTime "8:26:50 PDT"]
[Termination "combidharma won by resignation"]

1. Nf3 Nf6 2. c4 c6 3. Nc3 d5 4. d4 e6 5. cxd5 exd5 6. Bf4 Bd6 7. Bxd6 Qxd6 8. e3 Bf5 9. Nh4 Bg6 10. h3 O-O 11.
Nxg6 hxg6 12. Bd3 Nbd7 13. O-O Rfe8 14. Qc2 g5 15. Rae1 g4 16. Bf5 gxh3 17. Bxh3 Nb6 18. b3 Re7 19. Ne2 Ne4 20. g3 g6 21. Bg2 Kg7 22. Nf4 Rh8 23. Bxe4 dxe4 24. Qc5 Qf6 25.
f3 g5 26. fxe4 gxf4 27. Rxf4 Qg6 28. Re2 Rxe4 29. Rf3 Qh5 30. Qxh5 Rxh5 31. Kg2 Nd5 0-1

[Event "Early-Titled-Tuesday-Blitz-October-10-2023"]
[Site "Chess.com"]
[Date "2023.10.10"]
[Round "3"]
[White "KnightmareJoker"]
[Black "MAGMAchess02"]
[Result "0-1"]
[WhiteElo "2109"]
[BlackElo "2364"]
[TimeControl "180+1"]
[EndTime "8:26:50 PDT"]
[Termination "MAGMAchess02 won by checkmate"]

1. e4 c5 2. Nf3 Nc6 3. d4 cxd4 4. Nxd4 Qc7 5. Nc3 e6 6. Be3 a6 7. Be2 Nf6 8. f3 Bb4 9. O-O d5 10. exd5 exd5 11. a3 Bd6 12. h3 O-O 13. Bg5 Nxd4 14. Bxf6 Nxe2+ 15. Qxe2 gxf6 16. Kh1 Be6 17. f4 Bxf4 18.
Qf3 Be5 19. Nxd5 Bxd5 20. Qxd5 Rad8 21. Qe4 Kh8 22. c3 Rg8 23. Rf5 Qc6 24. Rxe5 fxe5 25. Qxe5+ f6 26. Qe2 Rg3 27. Re1 Rdg8 28. Qf2 Rxg2 29.
Re6 Rg1+ 30. Kh2 Qh1# 0-1

[Event "Early-Titled-Tuesday-Blitz-October-10-2023"]
[Site "Chess.com"]
[Date "2023.10.10"]
[Round "3"]
[White "SchachmattTV_Tobi"]
[Black "c63_amg"]
[Result "1-0"]
[WhiteElo "2599"]
[BlackElo "2807"]
[TimeControl "180+1"]
[EndTime "8:26:54 PDT"]
[Termination "SchachmattTV_Tobi won by resignation"]

1. d4 Nf6 2. c4 g6 3. Nc3 d5 4. Nf3 Bg7 5. h4 c5 6. cxd5 Nxd5 7. h5 cxd4 8. Nxd4 Nxc3 9. bxc3 e5 10. Nb5 Qxd1+ 11.
Kxd1 Na6 12. Nd6+ Ke7 13. Ba3 Rd8 14. Ke1 Ke6 15. hxg6 hxg6 16. Rh7 Bf8 17. Nxf7 Bxa3 18. Nxd8+ Kf6 19. Rd1 Bf5 20. e3 Nc5 21. f4 exf4 22.
exf4 g5 23. Rf7+ Kg6 24. g4 Bxg4 25. Rd6+ Ne6 26. Bd3+ 1-0

[Event "Early-Titled-Tuesday-Blitz-October-10-2023"]
[Site "Chess.com"]
[Date "2023.10.10"]
[Round "3"]
[White "DeTimmerman"]
[Black "Oleksandr_Bortnyk"]
[Result "0-1"]
[WhiteElo "2720"]
[BlackElo "3055"]
[TimeControl "180+1"]
[EndTime "8:26:55 PDT"]
[Termination "Oleksandr_Bortnyk won by resignation"]

1. b4 e5 2. Bb2 f6 3. e4 c6 4. a3 d5 5. exd5 cxd5 6. Nf3 Bd6 7. Be2 Ne7 8. O-O O-O 9. d4 e4 10. Nfd2 Qc7 11. h3 f5 12. c4 Be6 13. Nc3 Nbc6 14. Nb5 Bh2+ 15. Kh1 Qb8 16. g3 Bxg3 17. fxg3 a6 18.
Nc3 Qxg3 19. Nf3 exf3 20. Rxf3 Qh4 21. b5 Nxd4 22. Rd3 f4 23. Bg4 Bxg4 24. Qxg4 Qxg4 25.
hxg4 Nc2 26. Rc1 Ne3 27. Nxd5 N7xd5 28. cxd5 axb5 29. d6 Nc4 30. Rc2 Rad8 31. d7 Rf7 32. a4 Rfxd7 33. Rxd7 Rxd7 34. axb5 Rd1+ 35. Kg2 Ne3+ 0-1

[Event "Early-Titled-Tuesday-Blitz-October-10-2023"]
[Site "Chess.com"]
[Date "2023.10.10"]
[Round "3"]
[White "Efremov_Vlad"]
[Black "GradualismUnleashed"]
[Result "0-1"]
[WhiteElo "2309"]
[BlackElo "2568"]
[TimeControl "180+1"]
[EndTime "8:26:57 PDT"]
[Termination "GradualismUnleashed won by resignation"]

1. e4 c5 2. Nf3 e6 3. d4 cxd4 4.
Nxd4 Nc6 5. Nc3 Qc7 6. a3 a6 7. Nxc6 bxc6 8. Bd3 d5 9. O-O Be7 10. f4 Nf6 11. e5 Nd7 12. Kh1 a5 13. Qg4 g6 14.
Be3 h5 15. Qe2 Nc5 16. Qf2 Nxd3 17. cxd3 c5 18. d4 c4 19. Qd2 Bd7 20. Rf2 Rb8 21.
Raf1 h4 22. Qd1 h3 23. g4 Qb7 24. Bc1 Qb3 25. Qf3 Bc6 26. f5 Kd7 27. fxg6 fxg6 28. Qf7 Rbf8 29. Qg7 Qc2 30. Be3 Rxf2 31. Rxf2 Qd3 32. Bg5 Re8 33. Rf7 Kc8 34. Bxe7 Qd2 0-1

[Event "Early-Titled-Tuesday-Blitz-October-10-2023"]
[Site "Chess.com"]
[Date "2023.10.10"]
[Round "3"]
[White "Aswathchess"]
[Black "unclear15"]
[Result "1-0"]
[WhiteElo "2617"]
[BlackElo "2432"]
[TimeControl "180+1"]
[EndTime "8:26:58 PDT"]
[Termination "Aswathchess won by checkmate"]

1. d4 Nf6 2. c4 g6 3. Nc3 d5 4.
Nf3 Bg7 5. cxd5 Nxd5 6. Bd2 O-O 7. e3 c5 8. Bc4 Nxc3 9. bxc3 Qc7 10. Bd3 b6 11. O-O Nc6 12. Qe2 Na5 13. e4 Bb7 14.
h4 Rfd8 15. Rac1 Qd7 16. d5 e6 17. c4 exd5 18. cxd5 Qa4 19. h5 c4 20. Bc2 Qxa2 21. h6 Bh8 22. Bb1 Qb2 23. Rc2 Qb5 24. Ng5 Nb3 25.
Qf3 Qd7 26. Bc3 Bxc3 27. Qxc3 Qg4 28. Qg7# 1-0

[Event "Early-Titled-Tuesday-Blitz-October-10-2023"]
[Site "Chess.com"]
[Date "2023.10.10"]
[Round "3"]
[White "ferrufino64"]
[Black "nihalsarin"]
[Result "0-1"]
[WhiteElo "2196"]
[BlackElo "3127"]
[TimeControl "180+1"]
[EndTime "8:26:59 PDT"]
[Termination "nihalsarin won by resignation"]

1. e4 e6 2. d4 g6 3. Nf3 h6 4. c4 g5 5. Nc3 Bg7 6. Be3 d6 7. h3 Ne7 8. Qd2 Nbc6 9. Be2 f5 10. exf5 exf5 11. g3 Bd7 12. O-O-O O-O 13. Rhe1 a6 14. d5 Ne5 15. Nxe5 dxe5 16. Bc5 b6 17. Ba3 Rf7 18. d6 Ng6 19. dxc7 Qxc7 20. Nd5 Qc6 21. Kb1 e4 22. h4 g4 23. h5 Ne5 24. Ne7+ Rxe7 25. Bxe7 Be6 26.
Qd6 Kf7 27. Qxc6 Nxc6 28. Ba3 Bd4 29. Rf1 Bc5 30. Bxc5 bxc5 31. Rd6 Rc8 32. b3 Ke7 33. Rdd1 Nd4 34. Rd2 Kf6 35. Kb2 Ke5 36. Kc3 a5 37.
Rfd1 Rd8 38. Bf1 Bf7 39. a3 Rb8 40. Rb2 Nc6 41. Rbd2 Be6 42. Rd6 Nd4 43. R1xd4 cxd4+ 44. Rxd4 Rxb3+ 45. Kxb3 Kxd4 46. Ka4 Bxc4 47. Bxc4 Kxc4 48. Kxa5 Kd3 49. a4 Ke2 50. Kb6 Kxf2 51. a5 e3 52. a6 e2 53. a7 e1=Q 54. a8=Q Qe3+ 55. Kc7 Kxg3 56. Qh1 f4 0-1

[Event "Early-Titled-Tuesday-Blitz-October-10-2023"]
[Site "Chess.com"]
[Date "2023.10.10"]
[Round "3"]
[White "sofaceindisguise"]
[Black "amanmuhammethommadov"]
[Result "0-1"]
[WhiteElo "2804"]
[BlackElo "2596"]
[TimeControl "180+1"]
[EndTime "8:27:01 PDT"]
[Termination "amanmuhammethommadov won by resignation"]

1. c4 Nf6 2. d4 g6 3. Nf3 Bg7 4. Nc3 O-O 5. e4 d6 6. Be2 e5 7. O-O Nc6 8. d5 Ne7 9. b4 a5 10.
bxa5 Rxa5 11. a4 b6 12. Ba3 Nh5 13. Bb4 Ra8 14. a5 bxa5 15. Bxa5 Nf4 16. Nb5 Rxa5 17. Rxa5 c6 18. Ra7 cxb5 19. cxb5 Qb6 20. Rxe7 Bf6 21.
Nxe5 dxe5 22. d6 Bxe7 23. dxe7 Re8 24. Bc4 Rxe7 25. Re1 Be6 26. Bf1 Rd7 27. Qa1 Rd2 28.
Re3 Qd4 29. Qxd4 exd4 30. Re1 Rb2 31. Rd1 d3 32. g3 Bb3 33. Ra1 d2 34. gxf4 d1=Q 35.
Rxd1 Bxd1 36. Kg2 Ba4 0-1

[Event "Early-Titled-Tuesday-Blitz-October-10-2023"]
[Site "Chess.com"]
[Date "2023.10.10"]
[Round "3"]
[White "Maksimus1998"]
[Black "Balla_Tamas"]
[Result "1-0"]
[WhiteElo "2612"]
[BlackElo "2428"]
[TimeControl "180+1"]
[EndTime "8:27:01 PDT"]
[Termination "Maksimus1998 won by resignation"]

1. d4 d5 2. Nf3 Nf6 3. Bf4 e6 4. e3 Bd6 5. Bg3 O-O 6. Nbd2 b6 7. c3 c5 8. Bd3 Ba6 9. Bxa6 Nxa6 10. Qe2 Nb8 11.
O-O-O c4 12. e4 Bxg3 13. hxg3 dxe4 14. Nxe4 Nbd7 15. Kb1 h6 16. Nxf6+ Nxf6 17. Qxc4 Rb8 18. Ne5 b5 19. Qe2 b4 20. Nc6 Qb6 21. Nxb8 bxc3 22. Na6 Nd5 23. Nc5 cxb2 24. Qxb2 Nc3+ 25. Ka1 Nxd1 26.
Rxd1 Qc6 27. f3 Rd8 28. Nb3 h5 29. Qc1 Qd6 30. Qg5 g6 31. g4 hxg4 32. Rh1 gxf3 33. Qf6 1-0

[Event "Early-Titled-Tuesday-Blitz-October-10-2023"]
[Site "Chess.com"]
[Date "2023.10.10"]
[Round "3"]
[White "surrenderPLS"]
[Black "Austen48"]
[Result "1-0"]
[WhiteElo "2509"]
[BlackElo "2283"]
[TimeControl "180+1"]
[EndTime "8:27:01 PDT"]
[Termination "surrenderPLS won by resignation"]

1. e4 c5 2. Nf3 e6 3. d4 cxd4 4.
Nxd4 a6 5. Bd3 Qc7 6. O-O Nf6 7. Qe2 d6 8. c4 g6 9. f4 Bg7 10. Be3 O-O 11. Nc3 Nbd7 12. Kh1 b6 13. Rac1 Bb7 14. f5 exf5 15. exf5 Rae8 16. Qd2 Nc5 17. Rce1 Ng4 18. Bg1 d5 19. Rxe8 Rxe8 20. fxg6 fxg6 21. Be2 Bh6 22.
Qd1 Ne3 23. Bxe3 Bxe3 24. cxd5 Qe5 25. Nc6 Bxc6 26. dxc6 Rc8 27. Qd5+ Qxd5 28. Nxd5 Kg7 29. Nxe3 Rxc6 30. Bf3 Rd6 31. Nc4 Re6 32. Kg1 b5 33.
Nd2 Nd3 34. b3 h5 35. Ne4 Rc6 36. Nf2 Rc3 37. Nxd3 Rxd3 38. h3 1-0

[Event "Early-Titled-Tuesday-Blitz-October-10-2023"]
[Site "Chess.com"]
[Date "2023.10.10"]
[Round "3"]
[White "JiaHaoxiang"]
[Black "Levanzovsky"]
[Result "0-1"]
[WhiteElo "2579"]
[BlackElo "2423"]
[TimeControl "180+1"]
[EndTime "8:27:02 PDT"]
[Termination "Levanzovsky won by resignation"]

1. d4 Nf6 2. Bf4 e6 3. e3 d5 4. Nf3 c5 5. c3 Bd6 6. Bg3 Qc7 7. Ne5 Nbd7 8. f4 O-O 9. Nd2 b6 10. Bd3 Bb7 11. Qf3 Ne8 12. Qh5 f5 13. Bh4 Nef6 14. Qf3 Ne4 15. Bxe4 fxe4 16. Qh3 Rae8 17. O-O Ba6 18.
Rf2 cxd4 19. exd4 Bxe5 20. fxe5 Rxf2 21. Bxf2 Nf8 22. Nf1 Ng6 23. Ne3 Qf7 24. b3 Rf8 25. Qg3 Nf4 26. Kh1 Ne2 27. Qg4 Qxf2 28. Qxe6+ Kh8 29.
Qe7 h6 30. h3 Rf3 31. Qe8+ Kh7 32. Nxd5 Rxh3+ 0-1

[Event "Early-Titled-Tuesday-Blitz-October-10-2023"]
[Site "Chess.com"]
[Date "2023.10.10"]
[Round "3"]
[White "Zurability"]
[Black "Smiechu"]
[Result "0-1"]
[WhiteElo "2726"]
[BlackElo "2495"]
[TimeControl "180+1"]
[EndTime "8:27:04 PDT"]
[Termination "Smiechu won on time"]

1. Nf3 Nf6 2. g3 c5 3. Bg2 Nc6 4. O-O g6 5. c4 Bg7 6. d4 cxd4 7. Nxd4 O-O 8. Nc3 d6 9. Nxc6 bxc6 10. Bxc6 Rb8 11. Bg2 Qa5 12. Rb1 Be6 13. Qd3 Nd7 14. Nd5 Bxd5 15. Bxd5 Nc5 16. Qc2 Qxa2 17. Bg5 Rfe8 18.
Ra1 Qxb2 19. Qxb2 Rxb2 20. Rxa7 Rxe2 21. Bc6 Rc8 22. Bf3 Rc2 23. Bxe7 Bd4 24. Bxd6 Nd3 25. Rd7 Nxf2 26. Bf4 Bc5 27. Re1 Ng4+ 0-1

[Event "Early-Titled-Tuesday-Blitz-October-10-2023"]
[Site "Chess.com"]
[Date "2023.10.10"]
[Round "3"]
[White "bennyficial"]
[Black "viktorgen2021"]
[Result "0-1"]
[WhiteElo "2132"]
[BlackElo "2379"]
[TimeControl "180+1"]
[EndTime "8:27:05 PDT"]
[Termination "viktorgen2021 won on time"]

1. Nf3 Nf6 2. c4 g6 3. b3 Bg7 4. Bb2 O-O 5. g3 c6 6. Bg2 d6 7. d4 a5 8. Nc3 Na6 9. O-O Nc7 10.
e4 Bg4 11. e5 Nd7 12. exd6 exd6 13. Re1 Ne6 14. Ne4 d5 15. Nd6 Qc7 16. c5 Ndxc5 17.
dxc5 Bxb2 18. Rb1 Bg7 19. Qc1 b6 20. Ng5 Nxc5 21. Ndxf7 Rxf7 22. Nxf7 Qxf7 23. a3 Rf8 24.
Qd2 Bf3 25. b4 Ne4 26. Qc2 Bxg2 27. Kxg2 Qf3+ 28. Kg1 Nxf2 0-1

[Event "Early-Titled-Tuesday-Blitz-October-10-2023"]
[Site "Chess.com"]
[Date "2023.10.10"]
[Round "3"]
[White "Agibileg"]
[Black "Denis_Makhnyov"]
[Result "0-1"]
[WhiteElo "2691"]
[BlackElo "2960"]
[TimeControl "180+1"]
[EndTime "8:27:09 PDT"]
[Termination "Denis_Makhnyov won by checkmate"]

1. d4 d5 2. c4 e6 3. Nc3 c6 4.
Nf3 dxc4 5. g3 Nd7 6. Bg2 b5 7. O-O Bb7 8. a4 a6 9. Nd2 Ngf6 10. axb5 axb5 11. Rxa8 Bxa8 12. e4 Be7 13. d5 Ne5 14. dxe6 fxe6 15. Bh3 Qd7 16. f4 Nd3 17. e5 Nd5 18. Nde4 O-O 19. Qg4 Rf5 20. Bd2 b4 21. Ra1 Bb7 22. Na4 c5 23. Qd1 N5xf4 24.
Bxf5 Qd4+ 25. Kf1 Bxe4 26. Bxe6+ Kh8 27. Be1 Bg2# 0-1

[Event "Early-Titled-Tuesday-Blitz-October-10-2023"]
[Site "Chess.com"]
[Date "2023.10.10"]
[Round "3"]
[White "forevery0ung"]
[Black "MrTattaglia"]
[Result "0-1"]
[WhiteElo "2680"]
[BlackElo "2911"]
[TimeControl "180+1"]
[EndTime "8:27:09 PDT"]
[Termination "MrTattaglia won on time"]

1. e4 c5 2. Nf3 a6 3. Be2 b5 4. d4 cxd4 5. Nxd4 Bb7 6. O-O Bxe4 7.
a4 bxa4 8. Nc3 Bb7 9. Re1 Nf6 10. Bf3 Qc8 11. Rxa4 e6 12. Bf4 Nc6 13. Nf5 Nd8 14. Bd6 Bxf3 15. Qxf3 Nb7 16. Be5 Qc6 17. Qg3 d6 18.
Bd4 O-O-O 19. Ne3 d5 20. Rea1 a5 21. Qf3 Bb4 22. Na2 Qxa4 23. b3 Qc6 24. Qg3 Rhg8 25.
Nxb4 axb4 26. Ra7 Ne4 27. Qf4 f6 28. f3 Ned6 29. Qg3 e5 0-1

[Event "Early-Titled-Tuesday-Blitz-October-10-2023"]
[Site "Chess.com"]
[Date "2023.10.10"]
[Round "3"]
[White "Abund"]
[Black "feuervogel1000000"]
[Result "1-0"]
[WhiteElo "2778"]
[BlackElo "2498"]
[TimeControl "180+1"]
[EndTime "8:27:09 PDT"]
[Termination "Abund won by checkmate"]

1. c4 e5 2. g3 Nf6 3. Bg2 c6 4. Nf3 e4 5. Nd4 d5 6. cxd5 Qxd5 7. e3 Na6 8. Nc3 Qe5 9. d3 exd3 10. Qxd3 Nb4 11. Qd2 Bd7 12. a3 Na6 13. b4 Nc7 14.
Bb2 Qh5 15. Nce2 Be7 16. O-O Ng4 17. h3 Nf6 18. g4 Qh6 19. Ng3 g6 20. f4 Qf8 21. b5 c5 22. Nde2 O-O-O 23. Qa5 Bxb5 24. Qxa7 Ba6 25. Rfd1 Qe8 26. Nc3 Nd7 27. Rac1 Bf6 28. Nge4 Bxc3 29. Nd6# 1-0

[Event "Early-Titled-Tuesday-Blitz-October-10-2023"]
[Site "Chess.com"]
[Date "2023.10.10"]
[Round "3"]
[White "wannabe2700"]
[Black "Barmen_EV"]
[Result "0-1"]
[WhiteElo "2668"]
[BlackElo "2491"]
[TimeControl "180+1"]
[EndTime "8:27:10 PDT"]
[Termination "Barmen_EV won by resignation"]

1. e4 c5 2. Nf3 Nc6 3. d4 cxd4 4. Nxd4 e5 5. Nb5 d6 6. c4 a6 7. N5c3 Be6 8. Nd5 Nf6 9. Nbc3 Be7 10. Bd3 O-O 11. O-O Rc8 12. Be3 Nd7 13. Rc1 Bg5 14. Qd2 Bxe3 15. Qxe3 Qh4 16. f4 exf4 17. Rxf4 Qg5 18.
Rcf1 Nce5 19. b3 Kh8 20. Be2 Nc5 21. h4 Qh6 22. Qg3 Ng6 23. R4f2 Bxd5 24. exd5 Ne5 25. h5 f6 26. Rf4 Rce8 27. b4 Ncd7 28. Ne4 f5 29.
Ng5 Ng4 30. Bxg4 Qxg5 31. Rxf5 Rxf5 32. Rxf5 Qc1+ 33. Rf1 Qg5 34. Qxd6 Qxg4 35. c5 Nf6 36. c6 bxc6 37. dxc6 h6 38. c7 Re2 39. Rf2 Rxf2 40. Kxf2 Ne4+ 0-1

[Event "Early-Titled-Tuesday-Blitz-October-10-2023"]
[Site "Chess.com"]
[Date "2023.10.10"]
[Round "3"]
[White "marcodobrikov"]
[Black "themind1hunter"]
[Result "1-0"]
[WhiteElo "2770"]
[BlackElo "2542"]
[TimeControl "180+1"]
[EndTime "8:27:12 PDT"]
[Termination "marcodobrikov won by resignation"]

1. Nc3 d5 2. e4 d4 3. Nce2 c5 4. Ng3 Nc6 5. Bb5 Bd7 6. Bxc6 Bxc6 7. d3 g6 8. f4 Bg7 9. Nf3 b5 10. O-O Nf6 11. f5 O-O 12. Bg5 Ng4 13. Qc1 Rc8 14.
Rf2 Nxf2 15. Kxf2 c4 16. Qd2 c3 17. bxc3 dxc3 18. Qe3 Qb6 19. Qxb6 axb6 20. Bxe7 Rfe8 21.
f6 Bf8 22. Bxf8 Kxf8 23. Ne2 Bd7 24. Rb1 Rc5 25. d4 Rc7 26. Ke3 Bf5 27. Ne5 Be6 28. Rxb5 Bxa2 29. Rxb6 Be6 30. Kd3 Ra8 31. d5 Bc8 32.
Nxc3 Ra3 33. Nc6 Bb7 34. Kd4 Ra6 35. Rxa6 Bxa6 36. e5 Bb7 37. Kc5 Rc8 38. Nb5 Ra8 39. Kb6 Bc8 40. Nd6 Bd7 41. c4 Ra2 42. Kc7 Bg4 43.
h3 Bd1 44. e6 fxe6 45. dxe6 1-0

[Event "Early-Titled-Tuesday-Blitz-October-10-2023"]
[Site "Chess.com"]
[Date "2023.10.10"]
[Round "3"]
[White "alexrustemov"]
[Black "angryspacevoid"]
[Result "1-0"]
[WhiteElo "2860"]
[BlackElo "2516"]
[TimeControl "180+1"]
[EndTime "8:27:12 PDT"]
[Termination "alexrustemov won by checkmate"]

1. d4 d5 2. c4 e6 3. Nc3 c5 4. cxd5 cxd4 5. Qxd4 Nc6 6. Qd1 exd5 7. Qxd5 Qc7 8. g3 Nf6 9. Qb3 Bf5 10. Bf4 Bd6 11. Bxd6 Qxd6 12. Nf3 Nb4 13. Rc1 O-O 14. Bg2 Nd3+ 15. exd3 Bxd3 16. Bf1 Rfe8+ 17. Be2 Bxe2 18. Nxe2 Qa6 19. Qc4 Qa5+ 20. Kf1 Qf5 21. Kg2 Ne4 22.
Ned4 Qf6 23. Rhe1 g5 24. h3 h5 25. Qd3 Nd6 26. Rxe8+ Rxe8 27. Re1 Rd8 28. Qe3 g4 29. hxg4 hxg4 30. Qg5+ Qxg5 31. Nxg5 Nc4 32. Nf5 Nxb2 33. Re7 Rd5 34. Rxf7 Re5 35. Nh6+ Kh8 36. Rh7# 1-0

[Event "Early-Titled-Tuesday-Blitz-October-10-2023"]
[Site "Chess.com"]
[Date "2023.10.10"]
[Round "3"]
[White "N4700000"]
[Black "Amirreza_p"]
[Result "0-1"]
[WhiteElo "2392"]
[BlackElo "2591"]
[TimeControl "180+1"]
[EndTime "8:27:14 PDT"]
[Termination "Amirreza_p won by resignation"]

1. e4 e6 2. d4 d5 3. Bd3 dxe4 4.
Bxe4 Nf6 5. Bf3 c5 6. Ne2 Nc6 7.
Be3 cxd4 8. Nxd4 Ne5 9. O-O a6 10. c4 Qc7 11. Be2 Bd6 12. f4 Ng6 13. g3 O-O 14.
Nc3 Bc5 15. Qe1 e5 16. fxe5 Qxe5 17. Qf2 Re8 18. Nd1 Re7 19. Bf3 Ng4 20. Bxg4 Bxg4 21. Nc2 Bd6 22. Bf4 Nxf4 23. gxf4 Qh5 24. Nde3 Bc5 25.
Qg3 Rae8 26. Rae1 Be2 27. Rf2 Bxe3 28. Nxe3 Rxe3 29. Qg2 R3e4 30. b3 f5 0-1

[Event "Early-Titled-Tuesday-Blitz-October-10-2023"]
[Site "Chess.com"]
[Date "2023.10.10"]
[Round "3"]
[White "adotand"]
[Black "DeArron_Fox"]
[Result "1-0"]
[WhiteElo "2860"]
[BlackElo "2516"]
[TimeControl "180+1"]
[EndTime "8:27:16 PDT"]
[Termination "adotand won on time"]

1. c4 e6 2. Nf3 d5 3. g3 Nf6 4.
Bg2 Be7 5. O-O O-O 6. d4 c6 7. b3 b6 8. Bb2 Ba6 9. Nbd2 Nbd7 10. a4 Rc8 11. a5 bxa5 12. Bc3 c5 13.
Bxa5 Qe8 14. Bc3 Rc6 15. Ne5 Rb6 16. Ndf3 Ne4 17. Ba5 Rb7 18. Nxd7 Qxd7 19. Ne5 Qc8 20. Rc1 Bf6 21. Re1 cxd4 22. cxd5 Nc3 23. Bxc3 dxc3 24. Ng4 exd5 25. Nxf6+ gxf6 26. Qxd5 Rc7 27. Qd6 1-0

[Event "Early-Titled-Tuesday-Blitz-October-10-2023"]
[Site "Chess.com"]
[Date "2023.10.10"]
[Round "3"]
[White "MdChess1734"]
[Black "Henryk_S"]
[Result "1-0"]
[WhiteElo "2387"]
[BlackElo "2143"]
[TimeControl "180+1"]
[EndTime "8:27:16 PDT"]
[Termination "MdChess1734 won on time"]

1. e4 e6 2. d4 d5 3. e5 c5 4. c3 Nc6 5. Nf3 Qb6 6. Bd3 cxd4 7. O-O Bd7 8. Re1 Rc8 9. Nbd2 Nge7 10. h4 h6 11. h5 Nf5 12. Nb3 dxc3 13. bxc3 g5 14. hxg6 fxg6 15. Bxf5 gxf5 16. Nfd4 Nxd4 17. Qh5+ Kd8 18.
cxd4 Be8 19. Bg5+ Kd7 20. Qh4 Bb4 21. Rec1 Rc4 22. Bf6 Rh7 23. Rab1 Ba3 24. Rxc4 dxc4 25. Nc5+ Bxc5 26. Rxb6 Bxb6 27. Qg3 1-0

[Event "Early-Titled-Tuesday-Blitz-October-10-2023"]
[Site "Chess.com"]
[Date "2023.10.10"]
[Round "3"]
[White "DTChess"]
[Black "KamlaPasand"]
[Result "0-1"]
[WhiteElo "2620"]
[BlackElo "2477"]
[TimeControl "180+1"]
[EndTime "8:27:17 PDT"]
[Termination "KamlaPasand won by resignation"]

1. e4 e5 2. Nf3 Nc6 3. d4 exd4 4. c3 dxc3 5. Bc4 cxb2 6. Bxb2 Bb4+ 7. Nbd2 Nf6 8. O-O d6 9. h3 O-O 10. Qb3 Bxd2 11.
Nxd2 Na5 12. Qc2 Nxc4 13. Nxc4 Be6 14. Rfe1 Bxc4 15. Qxc4 Nd7 16. Rad1 Qg5 17. Qxc7 Ne5 18. Re3 Rac8 19. Qxd6 Nc4 20. Qd4 Rfd8 21. Rg3 Rxd4 22. Bxd4 Qh6 23. Rdd3 f6 24. Rdf3 Ne5 25. Rf5 Qc1+ 26.
Kh2 Qd2 27. Be3 Qxa2 28. Rxf6 Ng6 29. Rd6 Qf7 30. Rd5 b6 31. Rf5 Qe7 32. f3 a5 33.
Bxb6 a4 34. Bd4 a3 35. Ra5 Qb4 36. Rd5 a2 37. Ba1 Qb1 38. Bd4 a1=Q 39. Bxa1 Qxa1 40.
Rg4 Qa7 41. h4 Qc7+ 42. g3 Rd8 43. Rf5 Ne5 44. Rgf4 Nd3 45. Rg4 Qc2+ 0-1

[Event "Early-Titled-Tuesday-Blitz-October-10-2023"]
[Site "Chess.com"]
[Date "2023.10.10"]
[Round "3"]
[White "karwowskikacper"]
[Black "CixPer1968"]
[Result "1-0"]
[WhiteElo "2540"]
[BlackElo "2208"]
[TimeControl "180+1"]
[EndTime "8:27:17 PDT"]
[Termination "karwowskikacper won on time"]

1. e4 c5 2. Nf3 d6 3. d4 cxd4 4.
Nxd4 Nf6 5. Nc3 g6 6. Be3 Bg7 7. f3 O-O 8. Bc4 Nc6 9. Bb3 Bd7 10. h4 h5 11. Qd2 Rc8 12. O-O-O Nxd4 13. Bxd4 b5 14. e5 dxe5 15. Bxe5 Bc6 16. Qxd8 Rfxd8 17. Rxd8+ Rxd8 18. Rd1 Rxd1+ 19. Kxd1 a5 20. a4 b4 21. Ne2 e6 22. Bc7 Nd5 23. Bxd5 Bxd5 24. b3 Bf6 25. Bxa5 Bxh4 26. Bxb4 Bf2 27. c4 Bb7 28. Bc3 h4 29.
Bd4 Bxd4 30. Nxd4 e5 31. Nb5 h3 32. gxh3 Bxf3+ 33. Kd2 Bg2 34. a5 f5 35. a6 f4 36. a7 1-0

[Event "Early-Titled-Tuesday-Blitz-October-10-2023"]
[Site "Chess.com"]
[Date "2023.10.10"]
[Round "3"]
[White "Witaliss"]
[Black "yosephtaher"]
[Result "1/2-1/2"]
[WhiteElo "2551"]
[BlackElo "2794"]
[TimeControl "180+1"]
[EndTime "8:27:21 PDT"]
[Termination "Game drawn by repetition"]

1. d4 Nf6 2. Nf3 c5 3. c3 Qc7 4. Na3 a6 5. e3 b5 6. Nc2 Bb7 7. a4 c4 8. axb5 axb5 9. Rxa8 Bxa8 10. Be2 e6 11. O-O Ng4 12. g3 h5 13. Na3 Bxa3 14.
bxa3 h4 15. a4 hxg3 16. fxg3 Rxh2 17. Qe1 Rh3 18. Kg2 Rh2+ 19. Kg1 Rh8 20. axb5 Be4 21. Kg2 Rh2+ 22. Kg1 Rh5 23. Kg2 Rxb5 24. Rh1 Ke7 25. Rh4 f5 26. Rh7 Kf7 27. Qh1 Nf6 28. Rh8 Rb1 29.
Kf2 Ng4+ 30. Kg2 Nxe3+ 31. Kf2 Ng4+ 32. Kg2 Nf6 33. Kf2 Ke7 34. Qh4 Bxf3 35. Ba3+ d6 36. Bxf3 Nd7 37. Qg5 Kf7 38. Bh5+ Nxh5 39. Qxh5+ Ke7 40.
Qg5+ Kf7 41. Qh5+ g6 42. Qh7+ Kf6 43. Qh4+ Kf7 44. Qh7+ Kf6 45. Qh4+ Kg7 46. Qh7+ Kf6 1/2-1/2

[Event "Early-Titled-Tuesday-Blitz-October-10-2023"]
[Site "Chess.com"]
[Date "2023.10.10"]
[Round "3"]
[White "FischerKasparow"]
[Black "Road2GM3000"]
[Result "0-1"]
[WhiteElo "2129"]
[BlackElo "2381"]
[TimeControl "180+1"]
[EndTime "8:27:21 PDT"]
[Termination "Road2GM3000 won by checkmate"]

1. e4 c5 2. Nf3 d6 3. d4 cxd4 4.
Nxd4 Nf6 5. Nc3 a6 6. Bg5 e6 7. f4 Qb6 8. Nb3 Nbd7 9. Qf3 Qc7 10. Bd3 b5 11. O-O-O Bb7 12. Rhe1 Be7 13. Qg3 h6 14. e5 hxg5 15. exf6 Nxf6 16. fxg5 Nd5 17. Nxd5 Bxd5 18. g6 Bh4 19. Qh3 Bg5+ 20. Kb1 Rxh3 21. gxh3 f6 22. Be4 Bxe4 23. Rxe4 e5 24. Nd4 Qd7 25. h4 Bf4 26. h5 Kf8 27. Ne2 Qf5 28. Rb4 Rc8 29. Nc3 Qxh5 30. Rxd6 Qxg6 31. a3 Qg1+ 32. Ka2 Be3 33. Rxa6 Bd2 34. Ne2 Qg2 35. Nc3 Bxc3 36. bxc3 Rxc3 37. Ra8+ Qxa8 38. Rxb5 Qc6 39. Rb2 Rxc2 40. Rxc2 Qxc2+ 41. Ka1 e4 42. h4 e3 43. h5 e2 44. h6 e1=Q# 0-1

[Event "Early-Titled-Tuesday-Blitz-October-10-2023"]
[Site "Chess.com"]
[Date "2023.10.10"]
[Round "3"]
[White "Cayse"]
[Black "Battever"]
[Result "1-0"]
[WhiteElo "2833"]
[BlackElo "2513"]
[TimeControl "180+1"]
[EndTime "8:27:23 PDT"]
[Termination "Cayse won on time"]

1. e4 c5 2. Nf3 e6 3. d4 cxd4 4. Nxd4 a6 5. Be2 Nf6 6. Nc3 Bb4 7. e5 Ne4 8. O-O Nxc3 9. bxc3 Bxc3 10. Ba3 Bxa1 11.
Qxa1 f5 12. Rd1 Nc6 13. Nxe6 dxe6 14. Rxd8+ Nxd8 15. Qd4 Kf7 16. Qd6 Re8 17. Bh5+ g6 18. Bf3 a5 19. Qc7+ Kg8 20. Be7 Nf7 21. Bf6 a4 22. a3 Ra6 23. c4 Rf8 24. h4 Re8 25. h5 Ra8 26. g3 Ra6 27. c5 Ra8 28. Be2 1-0